 Dungeon Crawl Stone Soup version 0.21.1-1-g345015f (webtiles) character file.

53 tidbits the Insei (level 3, -8/28 HPs)
             Began as a Gnoll Transmuter on Feb 16, 2018.
             Was an Initiate of Cheibriados.
             Mangled by an ogre
             ... wielding a +0 giant spiked club
              (19 damage)
             ... on level 4 of the Dungeon.
             The game lasted 00:05:21 (425 turns).

tidbits the Insei (Gnoll Transmuter)                 Turns: 425, Time: 00:05:22

Health: -8/28      AC:  2    Str: 13    XL:     3   Next: 87%
Magic:  0/9        EV: 30    Int: 17    God:    Cheibriados [......]
Gold:   31         SH:  0    Dex: 26    Spells: 6/12 levels left

rFire    . . .     SeeInvis .     - Unarmed
rCold    . . .     Gourm    .   (shield currently unavailable)
rNeg     . . .     Faith    .   (armour currently unavailable)
rPois    x         Spirit   .   (helmet currently unavailable)
rElec    .         Reflect  .   (cloak currently unavailable)
rCorr    .         Harm     .   (gloves currently unavailable)
MR       .....                  (boots currently unavailable)
Stlth    +++.......             (no amulet)
HPRegen  0.09/turn              (no ring)
MPRegen  0.11/turn              (no ring)

@: agile, spider-form, very slow
A: tiny, distributed training, strong nose
a: End Transformation, Bend Time, Renounce Religion


You were on level 4 of the Dungeon.
You worshipped Cheibriados.
Cheibriados was noncommittal.
You were full.
You were a venomous arachnid creature.
You visited 1 branch of the dungeon, and saw 4 of its levels.

You collected 31 gold pieces.

Inventory:

Hand Weapons
 a - a +0 dagger of freezing
   (You took it off a kobold on level 2 of the Dungeon)
 h - a +0 war axe
 l - a +0 long sword
Missiles
 f - 41 arrows
Armour
 i - a cursed -1 ring mail
 B - a +0 robe (melded)
 G - a +0 pair of gloves (melded)
Wands
 d - a wand of digging (16)
Scrolls
 g - a scroll of fog {unknown}
 j - a scroll of teleportation {unknown}
Potions
 e - a potion of curing
Books
 c - a book of Changes

   Spells                             Type                      Level
   a - Beastly Appendage              Transmutation                1
   b - Sticks to Snakes               Transmutation                2
   c - Spider Form                    Transmutation/Poison         3
   d - Ice Form                       Ice/Transmutation            4
   e - Blade Hands                    Transmutation                5
Comestibles
 k - 2 rations


   Skills:
 + Level 2.6 Fighting
 + Level 1.0 Short Blades
 + Level 1.0 Long Blades
 + Level 1.0 Axes
 + Level 1.0 Maces & Flails
 + Level 1.0 Polearms
 + Level 1.0 Staves
 + Level 1.0 Slings
 + Level 1.0 Bows
 + Level 1.0 Crossbows
 + Level 1.0 Throwing
 + Level 1.0 Armour
 + Level 4.6 Dodging
 + Level 1.0 Stealth
 + Level 1.0 Shields
 + Level 6.5 Unarmed Combat
 + Level 5.0 Spellcasting
 + Level 0.7 Conjurations
 + Level 0.7 Hexes
 + Level 0.7 Charms
 + Level 0.7 Summonings
 + Level 0.7 Necromancy
 + Level 0.7 Translocations
 + Level 3.8 Transmutations
 + Level 0.7 Fire Magic
 + Level 0.7 Ice Magic
 + Level 0.7 Air Magic
 + Level 0.7 Earth Magic
 + Level 0.7 Poison Magic
 + Level 1.0 Invocations
 + Level 1.0 Evocations


You had 6 spell levels left.
You knew the following spells:

 Your Spells              Type           Power        Failure   Level  Hunger
e - Beastly Appendage     Tmut           ###...       11%         1    None
k - Sticks to Snakes      Tmut           ###.....     13%         2    #......
p - Spider Form           Tmut/Pois      ##........   36%         3    ###....


Dungeon Overview and Level Annotations

Branches:
Dungeon (4/15)
 Temple: D:4-7

Altars:
Cheibriados
Hepliaklqana
Wu Jian
Xom
Zin


Innate Abilities, Weirdness & Mutations

Your experience applies equally to all skills.
((You have very sharp teeth.))
Your uncanny sense of smell can sniff out nearby items.


Message History

The orc is heavily wounded.
The orc closely misses you.
You closely miss the orc. You bite the orc, but do no damage.
The orc is heavily wounded.
The orc misses you.
You punch the orc!
You kill the orc!
Cheibriados appreciates the change of pace.
Found a ration.
Items here: )))) [[[ ††
Okay, then.
You see here a ration.
d - 2 rations (gained 1)
Your transformation is almost over.
An adder skeleton comes into view.
The adder skeleton moves out of view.
Casting: Beastly Appendage
Confirm with . or Enter, or press ? or * to list all spells.
You create a snake!
You now have 41 arrows.
You hit the adder skeleton.
The adder skeleton is lightly damaged.
The adder skeleton barely misses you.
You hit the adder skeleton. You claw the adder skeleton.
The adder skeleton is severely damaged.
Your ball python bites the adder skeleton.
Your ball python grabs the adder skeleton.
Your ball python constricts the adder skeleton.
The adder skeleton is destroyed!
Cheibriados appreciates the change of pace.
Your talons disappear.
Found a runed bronze wand and a short sword.
You see here a wand of digging (16).
k - a wand of digging (16) Adjust (i)tems, (s)pells, or (a)bilities?
Adjust which item? (? for menu, Esc to quit)
k - a wand of digging (16) Adjust to which letter? (? for menu, Esc to quit)
d - a wand of digging (16);
k - 2 rations Your magical contamination has completely faded away.
A giant cockroach comes into view.
Found a long sword.
Casting: Sticks to Snakes
Confirm with . or Enter, or press ? or * to list all spells.
You turn into a venomous arachnid creature.
Your +0 pair of gloves melds into your body.
Your +0 robe melds into your body.
The giant cockroach closely misses you.
You hit the giant cockroach.
The giant cockroach is almost dead.
Your ball python barely misses the giant cockroach.
Your ball python grabs the giant cockroach.
Your ball python constricts the giant cockroach.
The giant cockroach dies!
Cheibriados thoroughly appreciates the change of pace.
Your Short Blades skill increases to level 1!
Your Long Blades skill increases to level 1!
Your Axes skill increases to level 1!
Your Maces & Flails skill increases to level 1!
Your Polearms skill increases to level 1!
Your Staves skill increases to level 1!
Your Slings skill increases to level 1!
Your Bows skill increases to level 1!
Your Crossbows skill increases to level 1!
Your Throwing skill increases to level 1!
Your Armour skill increases to level 1!
Your Stealth skill increases to level 1!
Your Shields skill increases to level 1!
Your Evocations skill increases to level 1!
You see here a giant cockroach corpse.
Your ball python withers and dies!
Found 2 scrolls labeled KEITZA ITHREULE and a potion of curing.
You see here a long sword.
l - a long sword Your transformation is almost over.
An ogre comes into view. It is wielding a giant spiked club.
A worker ant comes into view.
Unknown command.
It was a potion of agility.
You feel agile all of a sudden.
The worker ant twitches its antennae in your direction.
The ogre shouts!
You hit the ogre.
The ogre is poisoned.
The ogre is lightly wounded.
Your transformation has ended.
Your +0 pair of gloves unmelds from your body.
Your +0 robe unmelds from your body.
The ogre completely misses you.
Okay, then.
Casting: Spider Form
Confirm with . or Enter, or press ? or * to list all spells.
You turn into a venomous arachnid creature.
Your +0 pair of gloves melds into your body.
Your +0 robe melds into your body.
Unknown command.
You bite the ogre!
The ogre looks as sick as possible!
The ogre is severely wounded.
The ogre completely misses you.
You bite the ogre!
The ogre is almost dead.
The ogre hits you with a giant spiked club!!
Ouch! That really hurt!
You die...

##.# ####.# .... ..##.#
# #..##.##.####
#.#.....##.##.# ##
..............######...+
#.....!?##.##..†.....#
#....a...#####.#.###
#####O#### #.# # #s# #.#
#.# ##.## #.# ##...##
#.# #.....#### ..#
#).......# ..#
#.....##.## ..#
##......... ...#
####.##.## #.##.##


You could see an ogre and a worker ant.

Vanquished Creatures
  2 adders
  A worm (D:3)
  A dart slug (D:2)
  A leopard gecko (D:2)
  5 orcs (D:4)
  2 goblins (D:2)
  2 hobgoblins
  A quokka (D:2)
  4 bats
  2 frilled lizards (D:2)
  2 kobolds (D:2)
23 creatures vanquished.

Vanquished Creatures (collateral kills)
  An adder skeleton (D:4)
  A giant cockroach (D:4)
2 creatures vanquished.

Grand Total: 25 creatures vanquished

Notes
Turn   | Place    | Note
-------+----------+-------------------------------------------
     0 | D:1      | tidbits the Gnoll Transmuter began the quest for the Orb.
     0 | D:1      | Reached XP level 1. HP: 17/17 MP: 6/6
   112 | D:2      | Reached XP level 2. HP: 11/23 MP: 5/7
   131 | D:2      | Learned a level 2 spell: Sticks to Snakes
   149 | D:3      | Found a glowing silver altar of Zin.
   174 | D:3      | Reached skill level 5 in Spellcasting
   174 | D:3      | Reached XP level 3. HP: 13/28 MP: 2/9
   179 | D:3      | Learned a level 3 spell: Spider Form
   191 | D:3      | Found a faded altar of an unknown god.
   228 | D:2      | Found a snail-covered altar of Cheibriados.
   229 | D:2      | Found an ornate altar of the Wu Jian Council.
   233 | D:2      | Became a worshipper of Cheibriados the Contemplative
   296 | D:3      | Found a bloodstained altar of Trog.
   298 | D:3      | Found a shimmering altar of Xom.
   298 | D:3      | Found a snail-covered altar of Cheibriados.
   300 | D:3      | Found a shimmering altar of Xom.
   300 | D:3      | Found a hazy altar of Hepliaklqana.
   300 | D:3      | Found a shimmering altar of Xom.
   352 | D:4      | Reached skill level 1 in Invocations
   409 | D:4      | Reached skill level 1 in Short Blades
   409 | D:4      | Reached skill level 1 in Long Blades
   409 | D:4      | Reached skill level 1 in Axes
   409 | D:4      | Reached skill level 1 in Maces & Flails
   409 | D:4      | Reached skill level 1 in Polearms
   409 | D:4      | Reached skill level 1 in Staves
   409 | D:4      | Reached skill level 1 in Slings
   409 | D:4      | Reached skill level 1 in Bows
   409 | D:4      | Reached skill level 1 in Crossbows
   409 | D:4      | Reached skill level 1 in Throwing
   409 | D:4      | Reached skill level 1 in Armour
   409 | D:4      | Reached skill level 1 in Stealth
   409 | D:4      | Reached skill level 1 in Shields
   409 | D:4      | Reached skill level 1 in Evocations
   417 | D:4      | Noticed an ogre
   425 | D:4      | Mangled by an ogre

Skill      XL: |  1  2  3 |
---------------+----------+-----
Spellcasting   | 5 |  5.0
Invocations    | 1 |  1.0
Short Blades   | 1 |  1.0
Long Blades    | 1 |  1.0
Axes           | 1 |  1.0
Maces & Flails | 1 |  1.0
Polearms       | 1 |  1.0
Staves         | 1 |  1.0
Slings         | 1 |  1.0
Bows           | 1 |  1.0
Crossbows      | 1 |  1.0
Throwing       | 1 |  1.0
Armour         | 1 |  1.0
Stealth        | 1 |  1.0
Shields        | 1 |  1.0
Evocations     | 1 |  1.0
Fighting       | |  2.6
Dodging        | |  4.6
Unarmed Combat | |  6.5
Conjurations   | |  0.7
Hexes          | |  0.7
Charms         | |  0.7
Summonings     | |  0.7
Necromancy     | |  0.7
Translocations | |  0.7
Transmutations | |  3.8
Fire Magic     | |  0.7
Ice Magic      | |  0.7
Air Magic      | |  0.7
Earth Magic    | |  0.7
Poison Magic   | |  0.7

Action                   || total
-------------------------++-------
Melee: Unarmed           ||    58
       Kick              ||     9
       Headbutt          ||     1
       Dagger            ||     2
       Bite              ||     2
 Cast: Beastly Appendage ||    10
       Sticks to Snakes  ||     4
       Spider Form       ||     4
  Use: Scroll            ||     1
       Potion            ||     2
 Stab: Sleeping          ||     3
  Eat: Ration            ||     1
Armor: Robe              ||     9
       Skin              ||     1
Dodge: Dodged            ||    50

Table legend:
 A = Turns spent in this place as a percentage of turns spent in the entire game.
 B = Non-inter-level travel turns spent in this place as a percentage of non-inter-level travel turns spent in the entire game.
 C = Inter-level travel turns spent in this place as a percentage of turns spent in this place.
 D = Turns resting spent in this place as a percentage of non-inter-level travel turns spent in this place.
 E = Turns spent auto-exploring this place as a percentage of non-inter-level travel turns spent in this place.
 F = Non-inter-level travel turns spent in this place divided by the number of levels of this place that you've seen.
                   A       B       C       D       E      F
               +-------+-------+-------+-------+-------+----------------------
         Total | 100.0 | 100.0 |   0.0 |   0.0 |   0.0 | 106.2
       Dungeon | 100.0 | 100.0 |   0.0 |   0.0 |   0.0 | 106.2
               +-------+-------+-------+-------+-------+----------------------

Table legend:
 A = Kills in this place as a percentage of kills in entire the game.
 B = Kills by you in this place as a percentage of kills by you in the entire game.
 C = Kills by friends in this place as a percentage of kills by friends in the entire game.
 D = Other kills in this place as a percentage of other kills in the entire game.
 E = Experience gained in this place as a percentage of experience gained in the entire game.
 F = Experience gained in this place divided by the number of levels of this place that you have seen.
                   A       B       C       D       E      F
               +-------+-------+-------+-------+-------+----------------------
         Total | 100.0 | 100.0 | 100.0 |   N/A | 100.0 |  19.0
       Dungeon | 100.0 | 100.0 | 100.0 |   N/A | 100.0 |  19.0
               +-------+-------+-------+-------+-------+----------------------

Vault maps used:
D:1:      dpeg_arrival_short_road, minmay_unequal
D:2:      lemuel_round_altar, gammafunk_temple_overflow_statue,
          yredelemnul_forgotten_temple_becter
D:3:      doesnt_xom_only_xom, nicolae_overflow_crystal_walls,
          nicolae_dithmenos_shadow_blocks, first_ration,
          chequers_ecumenical_altar_simple_redux
D:4:      minmay_lizard_king, uniq_menkaure
